 Dungeon Crawl Stone Soup version 0.25.1-2-g60ff931df9 (webtiles) character file.

Game seed: 3382514047781785849

195 demenzo the Poker (level 5, -3/37 HPs)
             Began as an Octopode Fighter on Oct 20, 2020.
             Slain by Grinder (5 damage)
             ... on level 3 of the Dungeon.
             The game lasted 00:02:59 (2908 turns).

demenzo the Poker (Octopode Fighter)                Turns: 2908, Time: 00:03:00

Health: -3/37      AC:  1    Str: 15    XL:     5   Next: 74%
Magic:  5/5        EV: 11    Int: 12    God:
Gold:   137        SH:  9    Dex: 11    Spells: 4/4 levels left

rFire    . . .     SeeInvis .   a - +0 trident
rCold    . . .     Gourm    .   b - +0 kite shield
rNeg     . . .     Faith    .   (helmet restricted)
rPois    .         Spirit   .   (no amulet)
rElec    .         Reflect  .   (no ring)
rCorr    .         Harm     .   (no ring)
MR       .....                  (no ring)
Stlth    +++.......             (no ring)
HPRegen  0.12/turn              (no ring)
MPRegen  0.09/turn              (no ring)
                                (no ring)
                                (no ring)

@: hasted, very quick
A: almost no armour, stealthy swim, amphibious, 8 rings, constrict 8, camouflage
1, gelatinous body 1
a: no special abilities


You were on level 3 of the Dungeon.
You were not hungry.

You visited 1 branch of the dungeon, and saw 3 of its levels.

You collected 137 gold pieces.

Inventory:

Hand Weapons
 a - a +0 trident (weapon)
 e - a +0 hunting sling
Missiles
 j - 15 bolts
 n - 7 boomerangs (quivered)
 o - 60 stones
Armour
 b - a +0 kite shield (worn)
Jewellery
 f - a +6 ring of strength {unknown}
Wands
 m - a wand of flame (16)
Scrolls
 g - 3 scrolls of remove curse {unknown}
 i - 2 scrolls of identify {unknown}
 l - a scroll of teleportation {unknown}
Potions
 c - 2 potions of might
 h - a potion of curing {unknown}
 k - 2 potions of haste
Comestibles
 d - 9 rations
 p - a chunk of flesh


   Skills:
 + Level 3.8 Fighting
 * Level 3.9 Polearms
 - Level 3.0 Dodging
 + Level 3.1 Stealth
 + Level 3.7 Shields


You had 4 spell levels left.
You didn't know any spells.
Your spell library was empty.

Dungeon Overview and Level Annotations

Branches:
Dungeon (3/15)

Altars:

Annotations:
D:2 1 runed translucent door, Crazy Yiuf
D:3 Grinder


Innate Abilities, Weirdness & Mutations

You cannot wear most types of armour.
You are very stealthy in the water. (Stealth+)
You are amphibious.
You can wear up to eight rings at the same time.
You can use your tentacles to constrict eight enemies at once.
Your skin changes colour to match your surroundings (Stealth+).
Your rubbery body absorbs attacks. (AC +1, EV +1)


Message History

You writhe in agony.
The orc drinks a potion.
The orc seems to speed up.
You block Grinder's attack.
You are too injured to fight recklessly!
You are too injured to fight recklessly!
You are too injured to fight recklessly!
Unknown command.
You barely miss Grinder. You grab Grinder. You constrict Grinder.
You block the leopard gecko's attack. Grinder hits you!
You writhe in agony.
* * * LOW HITPOINT WARNING * * *
The leopard gecko bites you.
* * * LOW HITPOINT WARNING * * *
You hit Grinder.
Grinder is moderately wounded.
You constrict Grinder. You block the orc's attack. The leopard gecko bites you.
* * * LOW HITPOINT WARNING * * *
You block Grinder's attack. The orc closely misses you.
Unknown command.
You feel yourself speed up.
You constrict Grinder. You block the leopard gecko's attack. Grinder hits you.
You die...

...........#
#.#######..# #.# ####..#
#.# #.....# #.#
#.###.############
#.####.###.......)....##
............l...........
#.####....######l.###.#.
#.# #.##.# #@.# #.#
#.##.# #5o# #.## #.##.#
..... ...###.##.
##...... .#...#.#
#...).... ...#.#.#
#..#.#### ...........l
#..#.# ####.#...5..
...#.# #.#.###).


You could see Grinder, an orc (fast) and a leopard gecko.

Vanquished Creatures
  A hound (D:3)
  Natasha (D:2)
  Terence (D:2)
  6 adders
  An ooze (D:2)
  A worm (D:2)
  A dart slug (D:1)
  6 leopard geckos
  An orc (D:3)
  A ball python (D:1)
  A giant cockroach (D:2)
  7 goblins
  6 hobgoblins
  A quokka (D:3)
  6 bats
  3 frilled lizards
  5 kobolds (D:1)
  3 rats (D:1)
52 creatures vanquished.

Notes
Turn   | Place    | Note
-------+----------+-------------------------------------------
     0 | D:1      | demenzo the Octopode Fighter began the quest for the Orb.
     0 | D:1      | Reached XP level 1. HP: 16/16 MP: 1/1
   226 | D:1      | Reached XP level 2. HP: 19/21 MP: 2/2
   265 | D:1      | Reached skill level 1 in Stealth
   712 | D:1      | Reached XP level 3. HP: 10/26 MP: 3/3
  1674 | D:2      | Reached XP level 4. HP: 23/31 MP: 4/4
  1900 | D:2      | Noticed Terence
  1906 | D:2      | Killed Terence
  2375 | D:2      | Noticed Natasha
  2378 | D:2      | Killed Natasha
  2378 | D:2      | Reached XP level 5. HP: 26/37 MP: 5/5
  2497 | D:2      | Found a runed translucent door.
  2498 | D:2      | Noticed Crazy Yiuf
  2647 | D:3      | Noticed Grinder
  2908 | D:3      | Slain by Grinder

Illustrated notes

Levels and vault maps discovered:
D:1:      lemuel_arrival_behind_the_door_small, layout_loops_corners,
          minivault_5, serial_bayou_pond_d, minmay_tripent
D:2:      layout_loops_corners, uniq_terence, uniq_natasha,
          uniq_crazy_yiuf_cottage
D:3:      minmay_chambers_of_threes, layout_loops_ring, first_ration,
          uniq_robin, uniq_grinder

Skill      XL: |  1  2  3  4  5 |
---------------+----------------+-----
Stealth        | 1 2 3 |  3.1
Polearms       | 3 |  3.9
Fighting       | |  3.8
Dodging        | |  3.0
Shields        | |  3.7

Action                   |  1- 3 |  4- 6 || total
-------------------------+-------+-------++-------
Melee: Trident           |    72 |    56 ||   128
       Constrict         |    16 |    10 ||    26
       Tentacles         |     7 |     6 ||    13
  Use: Potion            |       |     1 ||     1
 Stab: Sleeping          |     8 |     8 ||    16
  Eat: Chunk             |     2 |     4 ||     6
Armor: Skin              |     5 |       ||     5
Dodge: Dodged            |    21 |    20 ||    41
Block: Kite shield       |    18 |    18 ||    36
